 Dungeon Crawl Stone Soup version 0.28.0-43-g3370ac3207 (webtiles) character file.

Game seed: 13912678921883775084

1473 pkoi the Insei (level 8, -9/57 (67) HPs)
             Began as a Demigod Gladiator on Mar 25, 2022.
             Mangled by a wight
             ... wielding a +3 mace
              (12 damage)
             ... on level 6 of the Dungeon.
             The game lasted 00:08:24 (7406 turns).

pkoi the Insei (Demigod Gladiator)                  Turns: 7406, Time: 00:08:25

HP:   -9/57 (67)    AC:  7    Str: 19    XL:     8   Next: 25%
MP:   0/10          EV: 13    Int: 10    God:
Gold: 256           SH:  0    Dex: 19    Spells: 7/7 levels left

rFire   . . .      SeeInvis .     - Unarmed
rCold   . . .      Faith    .   (no shield)
rNeg    . . .      Spirit   +   v - +1 robe {Archmagi}
rPois   .          Reflect  .   b - +0 helmet
rElec   .          Harm     .   p - +0 cloak
rCorr   .          Rampage  .   (no gloves)
Will    .....      Archmagi +   d - +1 pair of boots
Stlth   ++........              m - amulet of guardian spirit
HPRegen 0.19/turn               (no ring)
MPRegen 0.12/turn               (no ring)

@: about to teleport, heavily drained
A: high MP 1, forlorn, divine attributes
a: no special abilities


You were on level 6 of the Dungeon.
You visited 1 branch of the dungeon, and saw 8 of its levels.

You collected 256 gold pieces.

Inventory:

Hand Weapons
 e - a +0 whip
Missiles
 c - 3 throwing nets (quivered)
 h - 3 boomerangs
Armour
 a - a +0 leather armour
 b - a +0 helmet (worn)
 d - a +1 pair of boots (worn)
 i - a +0 plate armour
 p - a +0 cloak (worn)
 v - a +1 robe of the Archmagi (worn)
Jewellery
 f - a ring of resist corrosion
 l - an amulet of regeneration
 m - an amulet of guardian spirit (around neck)
 s - a ring of magical power
Wands
 k - a wand of flame (10)
 r - a wand of iceblast (4)
Scrolls
 g - a scroll of fog
 j - 3 scrolls of teleportation
Potions
 n - a potion of heal wounds
 o - a potion of attraction {unknown}
 q - a potion of invisibility {unknown}
 t - a potion of flight {unknown}
 u - a potion of curing


   Skills:
 + Level 4.4 Fighting
 - Level 1.7 Throwing
 + Level 3.9 Armour
 - Level 2.6 Dodging
 * Level 7.5 Unarmed Combat
 + Level 2.7 Evocations


You had 7 spell levels left.
You didn't know any spells.
Your spell library contained the following spells:

 Spells                   Type           Power      Damage    Failure   Level
 Animate Skeleton         Necr           0%         N/A       36%         1
 Pain                     Necr           0%         1d4       36%         1
 Ignite Poison            Fire/Tmut/Pois 0%         N/A       75%         3
 Mephitic Cloud           Conj/Pois/Air  0%         N/A       75%         3
 Portal Projectile        Hex/Tloc       0%         N/A       75%         3
 Summon Guardian Golem    Hex/Summ       0%         N/A       75%         3
 Vampiric Draining        Necr           0%         2d6       75%         3
 Summon Ice Beast         Ice/Summ       0%         N/A       98%         4
 Blade Hands              Tmut           0%         N/A       100%        5
 Excruciating Wounds      Necr           0%         N/A       100%        5
 Freezing Cloud           Conj/Ice/Air   0%         6-21      100%        5
 Summon Mana Viper        Hex/Summ       0%         N/A       100%        5
 Monstrous Menagerie      Summ           0%         N/A       100%        7
 Orb of Destruction       Conj           0%         9d5       100%        7
 Spellforged Servitor     Conj/Summ      0%         N/A       100%        7


Dungeon Overview and Level Annotations

Branches:
Dungeon (8/15)             Temple (0/1) D:6
   Lair: D:8-11

Shops:
D:5 ?

Annotations:
D:3 3 runed translucent doors, Grinder; Romesagentofchaos's ghost, amateur HOMo
D:8 Prince Ribbit; Psyche


Innate Abilities, Weirdness & Mutations

You have an increased reservoir of magic. (+10% MP)
You shall have no god before yourself.
Your divine heritage dramatically boosts your attributes as you level up.


Message History

You barely miss the wight.
The wight is moderately damaged.
You barely miss the wight. You hit the wight.
The wight is moderately damaged.
The wight misses you.
You hit the wight but do no damage.
The wight is moderately damaged.
The wight misses you.
You punch the wight!
The wight is severely damaged.
The wight closely misses you.
You hit the wight.
The wight is severely damaged.
You hit the wight.
The wight is almost destroyed.
The wight hits you with a +0 dire flail!
* * * LOW HITPOINT WARNING * * *
You feel drained.
* * * LOW HITPOINT WARNING * * *
You punch the wight!
You destroy the wight!
You hit the wight but do no damage.
The wight is moderately damaged.
You hit the wight but do no damage. Your punch misses the wight.
The wight is moderately damaged.
The wight hits you with a +3 mace!
* * * LOW HITPOINT WARNING * * *
You feel drained.
You barely miss the wight.
The wight is moderately damaged.
The wight hits you with a +3 mace!
* * * LOW HITPOINT WARNING * * *
You closely miss the wight.
The wight is moderately damaged.
The wight misses you.
Okay, then.
As you read the scroll of teleportation, it crumbles to dust.
You feel strangely unstable. The wight hits you with a +3 mace!
You die...

......### #..[...#...##..## #
#.....#.####...............# #
.............<......####...# #
..........##..##.#.## #...#
###...........##.#.# #...######
#.###.####.###.#.#####.........
###.# #.####[###.#...............
≈≈#.# #.....>.)z.#.###.#..#######
#§..# #..#######@..# #.#..# #
##≈.# #..# #.#.# #.#..#######
≈#^.###..# #.#.....#.........
^........# #.#..####.........
...)##...# #.... ########.#
≈≈..##...# #.##.# #.#
.^^.##..)#######.##.###########.#
^.≈..............##..............
^^..##.######.#.# #..#####.######


You could see a wight.

Vanquished Creatures
  A hornet (D:8)
  An ice beast (D:5)
  An ogre (D:6)
  2 centaurs
  Blork the orc (D:6)
  2 bullfrogs
  2 scorpions (D:6)
  A wyvern zombie (D:8)
  2 wights (D:6)
  2 centaur zombies
  A hound (D:5)
  A bullfrog zombie (D:5)
  A jelly (D:5)
  A bullfrog skeleton (D:6)
  An orc priest (D:8)
  4 orc wizards
  4 adders
  2 white imps
  3 worms
  2 dart slugs
  16 orcs
  5 ball pythons
  7 endoplasms
  5 giant cockroaches
  7 goblins
  10 hobgoblins
  11 kobolds
  2 quokkas
  10 bats
  2 frilled lizards
  4 rats
114 creatures vanquished.

Vanquished Creatures (others)
  A butterfly (D:8)
1 creature vanquished.

Grand Total: 115 creatures vanquished

Notes
Turn   | Place    | Note
-------+----------+-------------------------------------------
     0 | D:1      | pkoi the Demigod Gladiator began the quest for the Orb.
     0 | D:1      | Reached XP level 1. HP: 17/17 MP: 3/3
    51 | D:1      | Reached skill level 3 in Unarmed Combat
   297 | D:1      | Reached XP level 2. HP: 22/24 MP: 4/4
  1024 | D:2      | Reached XP level 3. HP: 14/29 MP: 5/5
  1317 | D:2      | Reached skill level 4 in Unarmed Combat
  2040 | D:2      | Reached XP level 4. HP: 36/36 MP: 6/6
  2531 | D:3      | Noticed Grinder
  2534 | D:3      | Paralysed by Grinder for 4 turns
  2933 | D:3      | Found a runed translucent gate.
  2933 | D:3      | Found a runed translucent gate.
  2934 | D:3      | Noticed a kobold brigand
  3134 | D:3      | Found a runed translucent gate.
  3136 | D:3      | Noticed Romesagentofchaos's ghost (amateur HOMo)
  4434 | D:5      | Entered Level 5 of the Dungeon
  4434 | D:5      | Found Niesuptu's Magic Scroll Shoppe.
  4449 | D:5      | Reached skill level 1 in Armour
  4449 | D:5      | Reached skill level 5 in Unarmed Combat
  4449 | D:5      | Reached XP level 5. HP: 38/41 MP: 7/7
  4496 | D:5      | Noticed a centaur
  4515 | D:5      | Killed a centaur
  4516 | D:5      | Noticed an ice beast
  4539 | D:5      | Killed an ice beast
  4540 | D:5      | Reached XP level 6. HP: 46/50 MP: 6/8
  5052 | D:5      | Reached skill level 6 in Unarmed Combat
  5796 | D:6      | Found a staircase to the Ecumenical Temple.
  5902 | D:6      | Reached XP level 7. HP: 57/57 MP: 9/9
  5932 | D:6      | Reached skill level 1 in Evocations
  6188 | D:6      | Noticed Blork the orc
  6211 | D:6      | Killed Blork the orc
  6409 | D:6      | You fall into a shaft and drop 2 floors!
  6410 | D:8      | Noticed Psyche
  6411 | D:8      | Noticed Prince Ribbit
  6589 | D:8      | Noticed a hornet
  6601 | D:8      | Paralysed by a hornet for 3 turns
  6604 | D:8      | Killed a hornet
  6605 | D:8      | Reached skill level 7 in Unarmed Combat
  6684 | D:8      | Reached XP level 8. HP: 29/66 MP: 8/10
  7403 | D:6      | HP: 2/57 [wight/+3 mace (5)]
  7406 | D:6      | Mangled by a wight

Illustrated notes

Levels and vault maps discovered:
D:1:      minmay_arrival_wavy_path, layout_basic, basic_ecumenical_altar,
          minmay_small_reverse_x
D:2:      layout_loops_ring, minmay_ruptured
D:3:      layout_basic, nicolae_overflow_hidden_temple,
          gammafunk_ghost_nasty_kobolds, uniq_grinder
D:4:      layout_gridville
D:5:      layout_cave_pools, serial_column_ruins, column_ruins_courtyard_long,
          column_ruins_hut_ruined, column_ruins_open_small,
          column_ruins_corridor_water, column_ruins_grid_4,
          column_ruins_corridor_straight, column_ruins_columns_straight,
          serial_shops, shop
D:6:      layout_loops_ring, grunt_qazlal_sundering,
          minmay_temple_entry_statues_pillars, st_stairs_14, minmay_checkerbox,
          uniq_blork_the_orc
D:7:      layout_loops_corners, nicolae_hepliaklqana_hippocampus,
          nicolae_ossuary_entry_plus, minmay_diced_spiral
D:8:      layout_cave_pools, nicolae_elyvilon_peaceful_grove,
          nicolae_sif_muna_little_library, uniq_psyche, uniq_prince_ribbit1,
          uniq_harold

Skill      XL: |  1  2  3  4  5  6  7 |
---------------+----------------------+-----
Unarmed Combat | 3 4 5 6 7 |  7.5
Fighting       | 2 3 4 |  4.4
Armour         | 1 2 3 |  3.9
Evocations     | 2 |  2.7
Throwing       | |  1.7
Dodging        | |  2.6

Action                   |  1- 3 |  4- 6 |  7- 9 || total
-------------------------+-------+-------+-------++-------
Melee: Unarmed           |   184 |   205 |   140 ||   529
       Punch             |     4 |     4 |    12 ||    20
Evoke: Wand              |       |     2 |     4 ||     6
  Use: Potion            |     2 |     3 |       ||     5
       Scroll            |       |     8 |     5 ||    13
 Stab: Sleeping          |     2 |       |       ||     2
Armor: Leather armour    |    76 |       |       ||    76
       Plate armour      |       |   139 |       ||   139
       Robe              |       |       |    41 ||    41
Dodge: Dodged            |   132 |    56 |    82 ||   270
